 Dungeon Crawl Stone Soup version 0.21.1-1-g345015f (webtiles) character file.

94 suicidejoker the Cudgeler (level 4, 0/31 HPs)
             Began as an Octopode Monk on Apr 21, 2018.
             Killed from afar by an orc wizard (6 damage)
             ... with a magic dart
             ... on level 3 of the Dungeon.
             The game lasted 00:03:54 (2207 turns).

suicidejoker the Cudgeler (Octopode Monk)           Turns: 2207, Time: 00:03:55

Health: 0/31       AC:  1    Str: 11    XL:     4   Next: 63%
Magic:  4/4        EV: 14    Int: 12    God:
Gold:   160        SH:  4    Dex: 14    Spells: 3/3 levels left

rFire    + . .     SeeInvis .   a - +0 mace
rCold    . . .     Gourm    .   (no shield)
rNeg     . . .     Faith    .   (helmet restricted)
rPois    .         Spirit   .   m - +4 amulet of reflection
rElec    .         Reflect  +   g - ring of protection from fire
rCorr    .         Harm     .   n - ring of protection from magic
MR       +....                  (no ring)
Stlth    ++++......             (no ring)
HPRegen  0.10/turn              (no ring)
MPRegen  0.09/turn              (no ring)
                                (no ring)
                                (no ring)

@: very slightly contaminated
A: almost no armour, stealthy swim, amphibious, 8 rings, constrict 8, camouflage
1, gelatinous body 1
a: no special abilities


You were on level 3 of the Dungeon.
You were near starving.

You visited 1 branch of the dungeon, and saw 3 of its levels.

You collected 160 gold pieces.

Inventory:

Hand Weapons
 a - a +0 mace (weapon)
 b - a +0 hunting sling
Missiles
 e - 54 stones (quivered)
 j - 17 bolts
 k - 87 sling bullets
 l - 10 poisoned needles
 q - 8 tomahawks
 y - 6 javelins of penetration
Jewellery
 g - a ring of protection from fire (left tentacle)
 m - a +4 amulet of reflection (around mantle)
 n - a ring of protection from magic (right tentacle)
 x - an uncursed ring of resist corrosion {unknown}
Scrolls
 d - a scroll of magic mapping {unknown}
 f - 2 scrolls of identify {unknown}
 h - 2 scrolls of random uselessness {unknown}
 i - a scroll of enchant armour {unknown}
 p - a scroll of enchant weapon {unknown}
 r - a scroll of amnesia {unknown}
 t - 2 scrolls of teleportation {unknown}
 u - a scroll of fog {unknown}
 w - a scroll of remove curse {unknown}
Potions
 s - a potion of flight
Comestibles
 o - 4 rations


   Skills:
 + Level 3.5 Fighting
 * Level 4.0 Maces & Flails
 + Level 3.5 Dodging
 + Level 3.9 Stealth


You had 3 spell levels left.
You didn't know any spells.

Dungeon Overview and Level Annotations

Branches:
Dungeon (3/15)

Altars:

Annotations:
D:3 Grinder, Robin


Innate Abilities, Weirdness & Mutations

You cannot wear most types of armour.
You are very stealthy in the water. (Stealth+)
You are amphibious.
You can wear up to eight rings at the same time.
You can use your tentacles to constrict eight enemies at once.
Your skin changes colour to match your surroundings (Stealth+).
Your rubbery body absorbs attacks. (AC +1, EV +1)


Message History

There is an open door here.
The orc hits you with a falchion.
* * * LOW HITPOINT WARNING * * *
The orc barely misses you.
Found a scroll labeled UKHLI YSTRADOINY and 18 arrows.
Blink to where?
Press: ? - help, Dir - move target cursor
As you read the scroll of blinking, it crumbles to dust.
A frilled lizard and a goblin come into view.
f - 2 scrolls labeled UKHLI YSTRADOINY (gained 1)
The goblin shouts!
You open the door.
There is an open door here.
The orc wizard shouts!
Grinder gestures at you.
You easily resist.
Found a scroll labeled SORUBR KOMPYDE.
The orc wizard points at you and mumbles some strange words.
The magic dart hits you!
You die...

.......o'.5..g..........
##.....######..........
#.....# ## #..........
####.....###. ...........
#.........##.##..........
#.......(.##. #..........
#......5..##. #####+#####
#.[.......##.######.#
#.......g.##..@....?#
#....(..o.'..g#######
#.......o.###.#
#.........# #.#
#.........###l#
#.........l...#
#.........#####
###########


You could see an orc wizard, an orc, a goblin and a frilled lizard.

Vanquished Creatures
  A gnoll (D:1)
  An adder (D:2)
  An ooze (D:2)
  An adder zombie (D:2)
  A worm (D:2)
  4 dart slugs
  2 leopard geckos
  A ball python (D:2)
  4 giant cockroaches
  13 goblins
  6 hobgoblins
  2 quokkas (D:2)
  4 bats
  5 frilled lizards
  2 kobolds (D:1)
  5 rats
53 creatures vanquished.

Notes
Turn   | Place    | Note
-------+----------+-------------------------------------------
     0 | D:1      | suicidejoker the Octopode Monk began the quest for the Orb.
     0 | D:1      | Reached XP level 1. HP: 16/16 MP: 1/1
   135 | D:1      | Reached XP level 2. HP: 10/21 MP: 2/2
   476 | D:1      | Reached XP level 3. HP: 20/26 MP: 3/3
  1391 | D:2      | Reached XP level 4. HP: 31/31 MP: 4/4
  1875 | D:2      | Reached skill level 4 in Maces & Flails
  2152 | D:3      | Noticed Robin
  2180 | D:3      | Noticed Grinder
  2207 | D:3      | Killed from afar by an orc wizard

Skill      XL: |  1  2  3  4 |
---------------+-------------+-----
Stealth        | 3 |  3.9
Maces & Flails | 4 |  4.0
Fighting       | |  3.5
Dodging        | |  3.5

Action                   |  1- 3 |  4- 6 || total
-------------------------+-------+-------++-------
Melee: Mace              |    61 |    36 ||    97
       Constrict         |    17 |    13 ||    30
       Tentacles         |    13 |     7 ||    20
 Fire: Hunting sling     |       |     2 ||     2
  Use: Scroll            |       |     2 ||     2
       Potion            |       |     2 ||     2
 Stab: Sleeping          |    10 |    12 ||    22
  Eat: Chunk             |     1 |     1 ||     2
Armor: Skin              |     6 |     1 ||     7
Dodge: Dodged            |    34 |    26 ||    60
Block: Other             |     1 |    10 ||    11
